 Dungeon Crawl Stone Soup version 0.24.0-123-gd5b16e6ec5 (webtiles) character file.

Game seed: 13363833423410752745, levelgen mode: deterministic

167 Delamore the Chopper (level 5, 0/45 HPs)
             Began as a Hill Orc Fighter on Jan 2, 2020.
             Was a Believer of Okawaru.
             Killed from afar by an orc wizard (5 damage)
             ... with a puff of flame
             ... on level 3 of the Dungeon.
             The game lasted 00:02:38 (1965 turns).

Delamore the Chopper (Hill Orc Fighter)             Turns: 1965, Time: 00:02:39

Health: 0/45       AC: 12    Str: 20    XL:     5   Next: 48%
Magic:  5/5        EV:  3    Int:  8    God:    Okawaru [**....]
Gold:   197        SH:  9    Dex: 10    Spells: 4/4 levels left

rFire    . . .     SeeInvis .   a - +0 war axe
rCold    . . .     Gourm    .   c - +0 shield
rNeg     . . .     Faith    .   j - +0 plate armour (curse)
rPois    .         Spirit   .   (no helmet)
rElec    .         Reflect  .   h - +0 cloak
rCorr    .         Harm     .   (no gloves)
MR       .....                  (no boots)
Stlth    ..........             (no amulet)
HPRegen  0.15/turn              (no ring)
MPRegen  0.09/turn              (no ring)

@: no status effects
A: no striking features
a: Heroism, Renounce Religion


You were on level 3 of the Dungeon.
You worshipped Okawaru.
Okawaru was pleased with you.
You were hungry.

You visited 1 branch of the dungeon, and saw 3 of its levels.

You collected 197 gold pieces.

Inventory:

Hand Weapons
 a - a +0 war axe (weapon)
Armour
 b - a +0 scale mail
 c - a +0 shield (worn)
 h - a +0 cloak (worn)
 j - a cursed +0 plate armour (worn)
Scrolls
 e - a scroll of teleportation {unknown}
 i - 4 scrolls of remove curse {unknown}
 k - a scroll of enchant armour {unknown}
 n - a scroll of enchant weapon {unknown}
 o - a scroll of blinking {unknown}
 p - a scroll of amnesia {unknown}
Potions
 d - a potion of might
 g - a potion of heal wounds {unknown}
 m - a potion of agility {unknown}
 q - a potion of brilliance {unknown}
Comestibles
 f - 8 rations


   Skills:
 - Level 3.6 Fighting
 + Level 7.3 Axes
 - Level 3.2 Armour
 - Level 3.2 Shields


You had 4 spell levels left.
You didn't know any spells.
Your spell library was empty.

Dungeon Overview and Level Annotations

Branches:
Dungeon (3/15)

Altars:
Dithmenos
Okawaru
Uskayaw


Message History

Something tries to affect you, but you resist.
You bump into the rock wall.
Something hits you.
* * * LOW HITPOINT WARNING * * *
You bump into the rock wall.
Something hits you but does no damage.
You closely miss something. Something hits you.
* * * LOW HITPOINT WARNING * * *
Something hits you but does no damage.
You're too confused to move!
Something hits you but does no damage.
You bump into the rock wall.
You feel less confused. Something hits you but does no damage.
Your plate armour prevents you from hitting something.
Something hits you.
* * * LOW HITPOINT WARNING * * *
You closely miss something. Something hits you but does no damage.
You miss something. Something hits you but does no damage.
You hear some strange, mumbled words.
A puff of flame appears from out of thin air!
The puff of flame hits you.
You die...

##.#########.#####.###....##
...#########.#...#.# #..#..#
#............#.((#.# #..#..#
#..#######...#####.###..#..#
#..# #............)†#..#
#..# #.#..._...####.#..#
#..# #.##.....## .....# #..#
#.##..#{## .#.##.# #..#
#.##...@# #.#.# .#
#..#######.##..### # #.#
#..............# #.#
#........#.##..# #.#
......#..#.##..#
#####.#..#.##..#
.......>..... .............
....#.#..###########..


You could see 2 dancing weapons.

Vanquished Creatures
  An orc wizard (D:3)
  4 gnolls (D:3)
  2 adders
  A worm (D:3)
  4 dart slugs
  6 leopard geckos
  3 orcs (D:3)
  A ball python (D:3)
  3 giant cockroaches
  5 goblins
  4 hobgoblins
  5 jackals (D:3)
  3 quokkas (D:3)
  8 bats
  A frilled lizard (D:2)
  A jackal skeleton (D:3)
  5 kobolds
  7 rats
64 creatures vanquished.

Notes
Turn   | Place    | Note
-------+----------+-------------------------------------------
     0 | D:1      | Delamore the Hill Orc Fighter began the quest for the Orb.
     0 | D:1      | Reached XP level 1. HP: 19/19 MP: 1/1
    40 | D:1      | Reached skill level 3 in Axes
   133 | D:1      | Reached XP level 2. HP: 26/26 MP: 2/2
   249 | D:1      | Reached skill level 4 in Axes
   817 | D:2      | Reached XP level 3. HP: 31/31 MP: 3/3
   857 | D:2      | Found a shadowy altar of Dithmenos.
   967 | D:2      | Found a faded altar of an unknown god.
   981 | D:2      | Became a worshipper of Warmaster Okawaru
   981 | D:2      | Reached * piety under Okawaru
  1064 | D:2      | Reached skill level 5 in Axes
  1494 | D:3      | Reached XP level 4. HP: 39/39 MP: 4/4
  1519 | D:3      | Reached skill level 6 in Axes
  1664 | D:3      | Reached XP level 5. HP: 44/45 MP: 5/5
  1855 | D:3      | Noticed a +0 hand axe
  1855 | D:3      | Noticed a +0 hand axe
  1856 | D:3      | Found a hide-covered altar of Uskayaw.
  1916 | D:3      | Reached skill level 7 in Axes
  1933 | D:3      | Reached ** piety under Okawaru
  1965 | D:3      | Killed from afar by an orc wizard

Levels and vault maps discovered:
D:1:      ncdulo_watergridlock, layout_loops_ring, roderic_filled_cross,
          minivault_25
D:2:      layout_loops_ring, grunt_dithmenos_smoke,
          chequers_ecumenical_altar_grove, ebering_dispersal_statue_hall
D:3:      minmay_evil_eye, layout_basic, dancing_weapons_uskayaw, serial_glass,
          glass_columns_c, glass_columns_a, glass_columns_a, glass_columns_b,
          glass_columns_b, glass_columns_a, first_ration,
          minmay_tree_intersection

Skill      XL: |  1  2  3  4  5 |
---------------+----------------+-----
Axes           | 3 4 5 6 7 |  7.3
Fighting       | |  3.6
Armour         | |  3.2
Shields        | |  3.2

Action                   |  1- 3 |  4- 6 || total
-------------------------+-------+-------++-------
Melee: War axe           |   121 |   128 ||   249
  Eat: Chunk             |     2 |     1 ||     3
Armor: Scale mail        |    14 |       ||    14
       Plate armour      |    62 |   100 ||   162
Dodge: Dodged            |    32 |    15 ||    47
Block: Shield            |    58 |    53 ||   111
